 Dungeon Crawl Stone Soup version 0.29.1-1-gd02db6906a (webtiles) character file.

Game seed: 13163458641037507039

2 Chimkentus the Conjurer (level 1, 0/7 HPs)
             Began as a Felid Conjurer on Oct 17, 2022.
             Slain by a gnoll
             ... wielding a +0 club
              (7 damage)
             ... on level 1 of the Dungeon.
             The game lasted 00:00:34 (119 turns).

Chimkentus the Conjurer (Felid Conjurer)             Turns: 119, Time: 00:00:34

Health: 0/7        AC:  1    Str:  3    XL:     1   Next: 25%
Magic:  4/4        EV: 17    Int: 19    God:
Gold:   33         SH:  0    Dex: 14    Spells: 3/4 levels left
                                        Lives:  0   Deaths: 0

rFire   . . .      SeeInvis +   (weapon unavailable)
rCold   . . .      Faith    .   (shield unavailable)
rNeg    . . .      Spirit   .   (body armour unavailable)
rPois   .          Reflect  .   (helmet unavailable)
rElec   .          Harm     .   (cloak unavailable)
rCorr   .          Rampage  .   (gloves unavailable)
Will    .....                   (boots unavailable)
Stlth   ++........              (no amulet)
HPRegen 0.02/turn               (no ring)
MPRegen 0.09/turn               (no ring)

@: quick
A: very small, claws 1, fangs 3, see invisible, speed 1, shaggy fur 1, stealthy
paws, no weapons or thrown items, no armour, multi-lived
a: no special abilities


You were on level 1 of the Dungeon.
You visited 1 branch of the dungeon, and saw 1 of its levels.

You collected 33 gold pieces.

Inventory:

Scrolls
 c - a scroll of poison {unknown}
Potions
 a - a potion of magic
 b - a potion of mutation {unknown}


   Skills:
 + Level 2.6 Dodging
 + Level 2.9 Stealth
 + Level 2.0 Spellcasting
 * Level 3.6 Conjurations


You had 3 spell levels left.
You knew the following spells:

 Your Spells              Type           Power      Damage    Failure   Level
a - Magic Dart            Conj           60%        1d6       3%          1

Your spell library contained the following spells:

 Spells                   Type           Power      Damage    Failure   Level
 Searing Ray              Conj           30%        2d5       6%          2
 Dazzling Flash           Conj/Hex       16%        N/A       24%         3
 Fulminant Prism          Conj/Hex       4%         3d6       63%         4
 Iskenderun's Mystic Bla  Conj/Tloc      8%         2d4       63%         4


Dungeon Overview and Level Annotations

Branches:
Dungeon (1/15)

Altars:


Innate Abilities, Weirdness & Mutations

You have sharp claws.
You have razor-sharp teeth.
You have supernaturally acute eyesight. (SInv)
You cover ground quickly. (Speed+)
You are covered in fur. (AC +1)
Your paws help you pounce on unaware monsters.
You are incapable of wielding weapons or throwing items.
You cannot wear armour.
You gain extra lives every three experience levels.


Message History

Welcome, Chimkentus the Felid Conjurer.
The Orb of Zot is coveted for many reasons.
Will you seize it for your own?
Press ? for a list of commands and other information.
Found a metallic white potion.
Found a staircase leading out of the dungeon.
b - a metallic white potion
Found a whip.
You now have 15 gold pieces.
A ball python comes into view.
The helpless ball python fails to defend itself.
You scratch the ball python.
You kill the ball python!
You see here a ball python corpse.
A bat comes into view.
Found a stone staircase leading down.
The helpless bat fails to defend itself.
You scratch the bat.
You kill the bat!
c - a scroll labelled QIUSAUHUHO You now have 33 gold pieces (gained 18).
A giant cockroach and a gnoll come into view.
You pounce on the unaware helpless gnoll!
You scratch the gnoll.
The gnoll is moderately wounded.
The gnoll hits you with a +0 club!
Ouch! That really hurt!
You die...

### ## #.# .. ..#
########. ######B#
......##..#....#.#
#####.##..#.#.##g#
#
#.#...#.#.##@####
#
#.#..##.#.......#
#
#.#........#.##.#
# #.#...#....#.# #
#####.#...######.#
......#...........
...#..#.#.########
......#.#.#
##.#.##.#.#


You could see a gnoll and a giant cockroach (asleep).

Vanquished Creatures
  A ball python (D:1)
  A bat (D:1)
2 creatures vanquished.

Notes
Turn   | Place    | Note
-------+----------+-------------------------------------------
     0 | D:1      | Chimkentus the Felid Conjurer began the quest for the Orb.
     0 | D:1      | Reached XP level 1. HP: 7/7 MP: 4/4
   119 | D:1      | Slain by a gnoll

Illustrated notes

Levels and vault maps discovered:
D:1:      minmay_arrival_hallway, layout_basic,
          hellmonk_ecumenical_altar_blasted, grunt_decor_clamped

Action                   || total
-------------------------++-------
Melee: Unarmed           ||     3
 Stab: Sleeping          ||     3
